AoeStats
← albanplumed

Arena

507146430Analyzed
4v4 RM · 14d ago on Sep 16, 2026· 33m 30s· 8 players
Game mode
Random Map
Map size
Large (8 player)
Population
200
Speed
Normal
Resources
Standard
Victory
Conquest
Starting age
Dark Age
Ending age
Imperial Age
RankedLock teamsTeams togetherTeam positionsShared explorationLock speedFull tech treeHidden civsTurbo modeCheats
Victory
Defeat
🇲🇽 Ethiopians · Mexico
1457
+12
🇦🇿 Poles · Azerbaijan
1438
+13
🇮🇹 Bohemians · Italy
1408
+14
🇮🇹 Persians · Italy
1337
+17
🇹🇷 Portuguese · Türkiye
1438
-18
🇹🇷 Italians · Türkiye
1402
-15
🇹🇷 Persians · Türkiye
1308
-12
🇹🇷 Celts · Türkiye
1286
-11
OsmanAbi
10:57 Feudal Age
11:01 Feudal Age
12:53 Double-Bit Axe
16:20 Castle Age
16:24 Horse Collar
19:10 Loom
22:21 Imperial Age
20:55 Circumnavigation
21:55 Town Watch
24:01 Chemistry
23:59 Fletching
24:58 Gold Mining
29:52 Bodkin Arrow
ysk
11:11 Feudal Age
14:47 Castle Age
14:01 Double-Bit Axe
13:57 Horse Collar
16:10 Bow Saw
16:16 Loom
23:46 Wheelbarrow
23:54 Wheelbarrow
23:07 Town Watch
28:14 Imperial Age
25:45 Gold Mining
26:51 Hand Cart
27:00 Scale Barding Armor
27:08 Bloodlines
26:58 Husbandry
27:59 Chain Barding Armor
28:05 Forging
27:53 Cavalier
29:57 Plate Barding Armor
29:38 Savar
32:15 Iron Casting
Sem
7:57 Loom
10:48 Feudal Age
9:06 Loom
10:52 Feudal Age
15:05 Castle Age
12:55 Double-Bit Axe
12:56 Horse Collar
13:57 Gold Mining
17:31 Town Watch
26:28 Imperial Age
23:56 Fletching
29:48 Scale Mail Armor
32:04 Bodkin Arrow
albanplumed
11:29 Feudal Age
12:19 Horse Collar
15:01 Castle Age
13:04 Double-Bit Axe
13:09 Horse Collar
14:47 Loom
16:04 Bow Saw
Wendysocute
10:21 Feudal Age
13:56 Castle Age
12:55 Double-Bit Axe
15:00 Horse Collar
21:09 Heavy Plow
22:38 Wheelbarrow
23:01 Bow Saw
24:29 Gold Mining
27:56 Imperial Age
25:14 Loom
26:16 Gold Shaft Mining
25:57 Stone Mining
26:28 Hand Cart
27:40 Scale Barding Armor
27:46 Forging
28:44 Crop Rotation
29:18 Two-Man Saw
28:46 Chain Barding Armor
28:33 Town Watch
29:00 Husbandry
29:10 Bloodlines
29:23 Conscription
29:51 Stone Shaft Mining
28:55 Cavalier
30:39 Iron Casting
30:03 Savar
31:46 Plate Barding Armor
32:58 Blast Furnace
511
10:48 Feudal Age
15:58 Castle Age
14:22 Double-Bit Axe
19:20 Loom
26:42 Imperial Age
26:10 Chemistry
26:28 Masonry
26:41 Pikeman
27:21 Squires
32:14 Town Watch
32:54 Siege Engineers
33:15 Houfnice
JR | cristopher7gc
10:35 Feudal Age
11:59 Loom
14:42 Castle Age
12:30 Double-Bit Axe
13:00 Horse Collar
20:24 Fletching
22:41 Bodkin Arrow
23:38 Wheelbarrow
24:56 Padded Archer Armor
24:18 Crossbowman
27:13 Gold Mining
28:36 Leather Archer Armor
34:29 Imperial Age
35:08 Imperial Age
我放了个屁她顺风追了
11:08 Feudal Age
15:08 Castle Age
13:11 Double-Bit Axe
13:36 Horse Collar
15:14 Wheelbarrow
16:52 Bow Saw
17:12 Heavy Plow
26:46 Imperial Age
24:04 Loom
25:10 Szlachta Privileges
25:28 Forging
25:54 Bloodlines
25:45 Husbandry
25:50 Gold Mining
26:11 Scale Barding Armor
27:15 Iron Casting
26:54 Cavalier
28:09 Chain Barding Armor
28:13 Conscription
30:12 Blast Furnace
31:16 Crop Rotation
31:29 Hand Cart
30:59 Town Watch
Connection lost

Rejoining the realm…

Still unreachable

The connection could not be restored.

Session expired

The server has moved on; the page needs a fresh start.